 Dungeon Crawl Stone Soup version 0.23-a0-14-g8c9a20f (webtiles) character file.

68174 galech the Severer (level 14, -4/130 HPs)
             Began as a Minotaur Fighter on Aug 2, 2018.
             Was the Champion of Makhleb.
             Slain by Kuinu's ghost (6 damage)
             ... on level 6 of the Lair of Beasts.
             The game lasted 00:36:46 (19541 turns).

galech the Severer (Minotaur Fighter)              Turns: 19541, Time: 00:36:46

Health: -4/130     AC: 21    Str: 22    XL:     14   Next: 85%
Magic:  0/20       EV:  6    Int:  6    God:    Makhleb [******]
Gold:   838        SH: 11    Dex: 16    Spells: 13/13 levels left

rFire    + . .     SeeInvis .   C - +4 war axe (venom)
rCold    . . .     Gourm    .   c - +0 shield
rNeg     . . .     Faith    .   F - +1 plate armour {rPois}
rPois    +         Spirit   +   (helmet restricted)
rElec    .         Reflect  .   G - +1 cloak
rCorr    .         Harm     .   B - +0 pair of gloves
MR       +....                  s - +1 pair of boots
Stlth    ..........             k - amulet of guardian spirit
HPRegen  0.31/turn              Y - ring of the Octopus King {rF+ AC+1 EV+1 Str+1 Int+1 Dex+1}
MPRegen  0.17/turn              j - ring "Uvint" {rPois Slay+3}

@: very heavily drained
A: retaliatory headbutt, horns 2
a: Minor Destruction, Lesser Servant of Makhleb, Major Destruction, Greater
Servant of Makhleb, Renounce Religion


You were on level 6 of the Lair of Beasts.
You worshipped Makhleb.
Makhleb was exalted by your worship.
You were very hungry.

You visited 4 branches of the dungeon, and saw 22 of its levels.

You collected 2104 gold pieces.
You spent 1266 gold pieces at shops.

Inventory:

Hand Weapons
 a - a +0 war axe
 C - a +4 war axe of venom (weapon)
 H - a +2 war axe of chopping
 L - a +4 scimitar of flaming
Armour
 c - a +0 shield (worn)
 s - a +1 pair of boots (worn)
 B - a +0 pair of gloves (worn)
 F - a +1 plate armour of poison resistance (worn)
 G - a +1 cloak (worn)
 J - a scarf of cloud immunity
 N - +0 acid dragon scales
 V - a +2 robe of positive energy
 Z - a +0 chain mail of cold resistance
Jewellery
 j - the ring "Uvint" (right hand) {rPois Slay+3}
   (You found it on level 5 of the Lair of Beasts)

   [ring of poison resistance]

   It affects your accuracy and damage with ranged weapons and melee attacks
   (+3).
   It protects you from poison.
 k - an amulet of guardian spirit (around neck)
 p - the ring "Duaraic" {rPois rC+ MR+ Dex-5}
   (You found it on level 2 of the Lair of Beasts)

   [ring of poison resistance]

   It affects your dexterity (-5).
   It protects you from cold.
   It protects you from poison.
   It affects your resistance to hostile enchantments.
 y - a +4 ring of protection
 A - an uncursed ring of positive energy
 E - an uncursed ring of flight
 R - an uncursed ring of magical power
 T - an uncursed ring of protection from fire
 U - a +3 amulet of reflection {unknown}
 X - a +6 ring of intelligence
 Y - a ring of the Octopus King (left hand) {rF+ AC+1 EV+1 Str+1 Int+1 Dex+1}
   (You bought it in a shop on level 2 of the Orcish Mines)

   [ring of protection from fire]

   It affects your AC (+1).
   It affects your evasion (+1).
   It affects your strength (+1).
   It affects your intelligence (+1).
   It affects your dexterity (+1).
   It protects you from fire.
Wands
 r - a wand of polymorph (14)
Scrolls
 b - 4 scrolls of acquirement
 e - 2 scrolls of fog
 g - 5 scrolls of fear
 h - 8 scrolls of remove curse
 i - 7 scrolls of teleportation
 l - 3 scrolls of blinking
 m - a scroll of identify
 o - 2 scrolls of amnesia
 w - 5 scrolls of enchant armour
 x - 6 scrolls of magic mapping
 I - 2 scrolls of enchant weapon
 K - a scroll of holy word
 Q - a scroll of summoning
 S - a scroll of brand weapon
Potions
 d - 4 potions of might
 n - a potion of brilliance {unknown}
 q - a potion of berserk rage {unknown}
 t - 6 potions of heal wounds {unknown}
 u - 4 potions of ambrosia {unknown}
 v - a potion of flight {unknown}
 z - 4 potions of magic
 D - 8 potions of curing
 M - 2 potions of degeneration {unknown}
 P - 3 potions of mutation
 W - 3 potions of agility
Comestibles
 f - 34 rations


   Skills:
 + Level 13.7(7.7) Fighting
 + Level 15.8(9.5) Axes
 + Level 14.0(7.9) Armour
 - Level 2.9(0.0) Dodging
 - Level 1.1(0.0) Stealth
 + Level 14.0(8.0) Shields
 + Level 10.6(5.0) Invocations


You had 13 spell levels left.
You didn't know any spells.
Your spell library contained the following spells:

 Spells                   Type           Power        Failure   Level  Hunger
 Cause Fear               Hex            #.........   100%        4    #####..
 Magic Dart               Conj           #...         100%        1    ##.....
 Slow                     Hex            #.......     100%        2    ###....
 Teleport Other           Tloc           #.......     100%        3    ####...
 Blink                    Tloc           N/A          100%        2    ###....
 Iskenderun's Mystic Bla  Conj           #.......     100%        4    #####..
 Stone Arrow              Conj/Erth      #.....       100%        3    ####...
 Spider Form              Tmut/Pois      #.........   100%        3    ####...
 Blade Hands              Tmut           #.........   100%        5    ######.
 Ice Form                 Ice/Tmut       #.......     100%        4    #####..
 Deflect Missiles         Chrm/Air       #.........   100%        6    #######
 Passwall                 Tmut/Erth      #.......     100%        2    ###....
 Sticks to Snakes         Tmut           #.......     100%        2    ###....
 Silence                  Hex/Air        #.........   100%        5    ######.
 Corona                   Hex            #......      100%        1    ##.....
 Lee's Rapid Deconstruct  Erth           #.........   100%        5    ######.
 Sandblast                Erth           #.....       100%        1    ##.....
 Portal Projectile        Hex/Tloc       #.....       100%        3    ####...
 Petrify                  Tmut/Erth      #.......     100%        4    #####..
 Passage of Golubria      Tloc           N/A          100%        4    #####..
 Leda's Liquefaction      Hex/Erth       #.........   100%        4    #####..
 Shroud of Golubria       Chrm/Tloc      #.........   100%        2    ###....
 Inner Flame              Hex/Fire       #.......     100%        3    ####...
 Beastly Appendage        Tmut           #.....       100%        1    ##.....
 Fulminant Prism          Conj/Hex       #.........   100%        4    #####..
 Dazzling Spray           Conj/Hex       #.....       100%        3    ####...
 Force Lance              Conj/Tloc      #.......     100%        4    #####..
 Searing Ray              Conj           #.....       100%        2    ###....
 Discord                  Hex            #.........   100%        8    #######
 Gell's Gravitas          Tloc           #.........   100%        3    ####...
 Yara's Violent Unravell  Hex/Tmut       #.........   100%        5    ######.
 Lesser Beckoning         Tloc           #.........   100%        3    ####...


Dungeon Overview and Level Annotations

Branches:
Dungeon (13/15)            Temple (1/1) D:4            Lair (6/6) D:11
 Shoals (0/4) Lair:2        Snake (0/4) Lair:4        Slime (0/5) Lair:6
    Orc (2/2) D:11            Elf (0/3) Orc:2        Vaults (0/5) D:13

Altars:
Ashenzari
Cheibriados
Dithmenos
Elyvilon
Fedhas
Gozag
Hepliaklqana
Kikubaaqudgha
Makhleb
Nemelex Xobeh
Okawaru
Qazlal
Ru
Sif Muna
Trog
Uskayaw
Vehumet
Wu Jian
Xom
Yredelemnul
Zin
The Shining One
Beogh
Jiyva

Shops:
D:6 %   D:10 :   D:11 ?   Orc:2 *=}[(

Annotations:
Lair:6 Kuinu's ghost, journeyman DrBe


Innate Abilities, Weirdness & Mutations

You reflexively headbutt those who attack you in melee.
You have a pair of horns on your head.


Message History

You headbutt Kuinu's ghost, but do no damage.
You barely miss Kuinu's ghost. Your headbutt misses Kuinu's ghost.
Kuinu's ghost is severely damaged.
Kuinu's ghost hits you!
* * * LOW HITPOINT WARNING * * *
You feel drained.
* * * LOW HITPOINT WARNING * * *
You closely miss Kuinu's ghost. Your headbutt misses Kuinu's ghost.
Kuinu's ghost is severely damaged.
You block Kuinu's ghost's attack.
You closely miss Kuinu's ghost.
Kuinu's ghost is severely damaged.
Kuinu's ghost hits you but does no damage.
You feel drained.
You miss Kuinu's ghost. Your headbutt misses Kuinu's ghost.
Kuinu's ghost is severely damaged.
Kuinu's ghost hits you!!
* * * LOW HITPOINT WARNING * * *
You feel drained.
You die...

.......##.......................#
.......................[.........
....##.#########...........!.....
....P..#.......#.........####...≈
.......#..#.#..#......####.≈..P.≈
.......#.(.#...'.........##≈≈≈≈≈.
.......#.[..(..'.....≈.≈≈##≈≈≈≈P≈
.....#.#.?t#...††W.......###.≈≈P≈
##..P#.#..#.#..#@.....P.≈≈##≈≈≈≈≈
#..(#.#.......#....≈...≈≈#≈≈≈≈≈≈
##..P..#########.......≈≈≈###≈≈≈≈
#......................≈≈≈.#≈P≈≈≈
....................P.≈≈≈≈.##≈≈≈≈
.###..................≈≈≈≈≈##≈≈≈P
...P..)...............≈≈≈≈≈.##.≈≈
....................P≈≈≈≈P≈.##.≈≈
..................≈..≈≈≈≈P≈≈##≈≈.


You could see Kuinu's ghost.

Vanquished Creatures
  2 orc warlords (Orc:2)
  The ghost of biddum the Blocker, a journeyman GrFi of Okawaru (Lair:5)
  Josephine (D:10)
  4 vault guards (D:13)
  6 hydras
  7 two-headed ogres
  An orc high priest (Orc:2)
  A fire crab (Lair:3)
  2 orc knights (Orc:2)
  A necromancer (Lair:3)
  2 wolf spiders (Lair:6)
  An orc sorcerer (Orc:2)
  2 cyclopes
  A deep elf mage (D:13)
  An ugly thing (D:12)
  3 oklob plants (Lair:2)
  A manticore (Lair:6)
  21 spiny frogs
  2 black mambas
  An elephant (D:11)
  Psyche (D:10)
  The ghost of HydraWiggins the Magician, a novice GnWz (D:5)
  A rime drake (Lair:6)
  9 komodo dragons
  2 kobold demonologists (D:12)
  An efreet (D:13)
  3 trolls
  A troll (shapeshifter) (D:13)
  A polar bear (Lair:4)
  A hornet (D:13)
  37 blink frogs
  4 tyrant leeches (Lair:6)
  8 hippogriffs
  Sigmund (D:3)
  7 wyverns
  5 wraiths
  A shadow (D:12)
  4 hogs (D:7)
  A human (D:7)
  22 yaks
  3 basilisks
  6 vampire mosquitoes (Lair:6)
  2 death yak simulacra (Lair:5)
  6 nagas (Lair:4)
  A hydra simulacrum (Lair:5)
  2 wargs (Orc:2)
  An acid dragon (D:12)
  17 water moccasins
  8 porcupines
  2 elephant zombies (Lair:3)
  4 ice beasts
  A hornet zombie (D:11)
  36 orc warriors
  A black mamba simulacrum (Lair:5)
  A phantom (D:6)
  14 ogres
  10 centaurs
  3 black bears
  A necrophage (D:8)
  5 wolves (Lair:3)
  11 crocodiles
  6 big kobolds
  A komodo dragon zombie (Lair:3)
  24 bullfrogs
  A gnoll sergeant (D:6)
  A wyvern zombie (D:12)
  2 scorpions (D:10)
  A dream sheep simulacrum (Lair:5)
  4 killer bees (D:7)
  5 electric eels
  4 howler monkeys
  4 crimson imps
  2 bullfrog zombies
  5 centaur zombies
  22 orc priests
  4 hounds
  A jelly (D:10)
  Crazy Yiuf (D:3)
  A bullfrog skeleton (D:7)
  3 centaur skeletons
  30 orc wizards
  Terence (D:2)
  6 iguanas
  2 hell rats (Lair:3)
  5 worker ants
  A killer bee zombie (D:9)
  A crocodile zombie (Lair:3)
  A hound skeleton (D:8)
  Robin (D:2)
  12 adders
  10 gnolls
  7 river rats (Lair:3)
  3 shadow imps
  2 oozes
  7 worms
  5 dart slugs
  8 leopard geckos
  101 orcs
  3 bats
  A giant cockroach (D:7)
  16 goblins
  7 hobgoblins
  5 jackals
  9 quokkas
  3 ball pythons
  3 frilled lizards
  19 kobolds
  A leopard gecko zombie (D:7)
  10 rats
  5 fungi
  6 plants
690 creatures vanquished.

Vanquished Creatures (others)
  A bullfrog (D:13)
  A bush (Lair:1)
  13 fungi
  37 plants
52 creatures vanquished.

Grand Total: 742 creatures vanquished

Notes
Turn   | Place    | Note
-------+----------+-------------------------------------------
     0 | D:1      | galech the Minotaur Fighter began the quest for the Orb.
     0 | D:1      | Reached XP level 1. HP: 19/19 MP: 0/0
   150 | D:1      | Reached XP level 2. HP: 23/27 MP: 1/1
   644 | D:2      | Noticed Robin
   648 | D:2      | Reached XP level 3. HP: 33/33 MP: 2/2
   650 | D:2      | Reached skill level 3 in Axes
   656 | D:2      | Killed Robin
  1086 | D:2      | Reached XP level 4. HP: 34/40 MP: 1/3
  1160 | D:2      | Noticed Terence
  1168 | D:2      | Killed Terence
  1168 | D:2      | Reached skill level 4 in Axes
  1930 | D:3      | Found a sacrificial altar of Ru.
  1932 | D:3      | Found a snail-covered altar of Cheibriados.
  1981 | D:3      | Reached XP level 5. HP: 44/46 MP: 2/4
  2206 | D:3      | Found a blossoming altar of Fedhas.
  2221 | D:3      | Reached skill level 5 in Axes
  2357 | D:3      | Reached XP level 6. HP: 18/53 MP: 3/5
  2492 | D:3      | Found a runed door.
  2566 | D:3      | Noticed Crazy Yiuf
  2572 | D:3      | Killed Crazy Yiuf
  2657 | D:3      | Noticed Sigmund
  2664 | D:3      | Killed Sigmund
  2664 | D:3      | Reached skill level 6 in Axes
  2664 | D:3      | Reached skill level 1 in Dodging
  2664 | D:3      | Reached skill level 5 in Shields
  2850 | D:4      | Reached XP level 7. HP: 33/60 MP: 2/6
  2930 | D:4      | Reached skill level 5 in Fighting
  2930 | D:4      | Reached skill level 7 in Axes
  2930 | D:4      | Reached skill level 5 in Armour
  3134 | D:4      | Found a staircase to the Ecumenical Temple.
  3156 | Temple   | Entered the Ecumenical Temple
  3593 | D:5      | Entered Level 5 of the Dungeon
  3616 | D:5      | Reached skill level 8 in Axes
  3625 | D:5      | Reached XP level 8. HP: 55/69 MP: 7/7
  3698 | D:5      | Found a runed gate.
  3700 | D:5      | Found a runed gate.
  3700 | D:5      | Found a runed gate.
  3702 | D:5      | Noticed HydraWiggins's ghost (novice GnWz)
  3852 | D:5      | Reached skill level 9 in Axes
  4187 | D:6      | Found a snail-covered altar of Cheibriados.
  4762 | D:6      | Found Lalehim's Food Shoppe.
  4964 | D:6      | Found an opulent altar of Gozag.
  4965 | D:6      | Found a sparkling altar of Nemelex Xobeh.
  5225 | D:7      | Reached skill level 10 in Axes
  5287 | D:7      | Reached XP level 9. HP: 48/75 MP: 6/8
  5740 | D:7      | Reached skill level 1 in Stealth
  5743 | D:7      | Reached skill level 11 in Axes
  5956 | D:8      | Found a burning altar of Makhleb.
  5966 | D:8      | Became a worshipper of Makhleb the Destroyer
  6215 | D:8      | Noticed a two-headed ogre
  6228 | D:8      | Killed a two-headed ogre
  6475 | D:8      | Reached XP level 10. HP: 79/86 MP: 10/10
  6845 | D:9      | Noticed a two-headed ogre
  6852 | D:9      | Killed a two-headed ogre
  7765 | D:5      | Killed HydraWiggins's ghost
  7923 | D:10     | Entered Level 10 of the Dungeon
  8031 | D:10     | Reached * piety under Makhleb
  8092 | D:10     | Reached skill level 12 in Axes
  8100 | D:10     | Noticed Josephine
  8114 | D:10     | Killed Josephine
  8312 | D:10     | Found Ysuur's Book Shoppe.
  8547 | D:10     | Reached XP level 11. HP: 69/95 MP: 13/13
  8747 | D:11     | Identified a scroll of acquirement
  8770 | D:11     | Found a staircase to the Lair.
  8790 | D:11     | Reached skill level 5 in Invocations
  8802 | D:11     | Noticed a two-headed ogre
  8812 | D:11     | Killed a two-headed ogre
  8864 | D:11     | Found Worastregg's Magic Scroll Boutique.
  8864 | D:11     | Found a staircase to the Orcish Mines.
  8870 | D:11     | Noticed Psyche
  8888 | D:10     | Paralysed by something for 4 turns
  8894 | D:10     | Killed Psyche
  9051 | D:11     | Bought a scroll of magic mapping for 52 gold pieces
  9051 | D:11     | Bought a scroll of magic mapping for 52 gold pieces
  9051 | D:11     | Bought a scroll of enchant armour for 112 gold pieces
  9051 | D:11     | Bought a scroll of magic mapping for 52 gold pieces
  9059 | Orc:1    | Entered Level 1 of the Orcish Mines
  9084 | Orc:1    | Reached ** piety under Makhleb
  9126 | Orc:1    | Reached skill level 10 in Shields
  9495 | Orc:2    | Entered Level 2 of the Orcish Mines
  9496 | Orc:2    | Noticed an orc warlord
  9760 | Lair:1   | Entered Level 1 of the Lair of Beasts
  9843 | Lair:1   | Reached skill level 10 in Armour
 10045 | Lair:1   | Reached skill level 10 in Fighting
 10367 | Lair:1   | Reached skill level 13 in Axes
 10775 | Lair:2   | Reached *** piety under Makhleb
 11065 | Lair:2   | Reached XP level 12. HP: 106/106 MP: 15/15
 11098 | Lair:2   | Noticed a seven-headed hydra
 11286 | Lair:2   | Found a staircase to the Shoals.
 11532 | Lair:2   | Killed an 11-headed hydra
 12904 | Lair:4   | Reached **** piety under Makhleb
 13043 | Lair:4   | Noticed a four-headed hydra
 13050 | Lair:4   | Noticed a seven-headed hydra
 13497 | Orc:2    | Killed an orc warlord
 13510 | Orc:2    | Found a roughly hewn altar of Beogh.
 13663 | Orc:2    | Reached skill level 14 in Axes
 13691 | Orc:2    | Found a roughly hewn altar of Beogh.
 13710 | Orc:2    | Found Lechipot's Gadget Shoppe.
 13806 | Orc:2    | Noticed a two-headed ogre
 13816 | Orc:2    | Killed a two-headed ogre
 13915 | Orc:2    | Found Muitupp's General Store.
 13923 | Orc:2    | Bought a scroll of identify for 28 gold pieces
 13923 | Orc:2    | Bought a potion of curing for 42 gold pieces
 13964 | Orc:2    | Found a roughly hewn altar of Beogh.
 13972 | Orc:2    | Reached XP level 13. HP: 114/116 MP: 18/18
 13977 | Orc:2    | Found Caoqoleu's Jewellery Boutique.
 13986 | Orc:2    | Bought a ring of the Octopus King {rF+ AC+1 EV+1 Str+1 Int+1 Dex+1} for 653 gold pieces
 13986 | Orc:2    | Found the ring of the Octopus King {rF+ AC+1 EV+1 Str+1 Int+1 Dex+1}
 14069 | Orc:2    | Found a staircase to the Elven Halls.
 14122 | Orc:2    | Reached ***** piety under Makhleb
 14391 | Orc:2    | Paralysed by an orc sorcerer for 6 turns
 14416 | Orc:2    | Noticed an orc warlord
 14460 | Orc:2    | Killed an orc warlord
 14696 | Orc:2    | Found Kely's Antique Armour Boutique.
 14697 | Orc:2    | Found a roughly hewn altar of Beogh.
 14698 | Orc:2    | Found Ruluex's Antique Weapon Shop.
 14705 | Orc:2    | Bought a pair of pitted boots for 275 gold pieces
 14710 | Orc:2    | Identified the cursed +0 pair of boots of the Skies Above {Str+8 Dex+2 Slay-5 Stlth+} (You bought it in a shop on level 2 of the Orcish Mines)
 15363 | Lair:2   | Got a translucent turquoise ring
 15365 | Lair:2   | Identified the ring "Duaraic" {rPois rC+ MR+ Dex-5} (You found it on level 2 of the Lair of Beasts)
 15471 | D:12     | Got a brightly glowing falchion
 15472 | D:12     | Identified the +7 falchion "Bingo" {slice, rPois Int+4 Stlth+} (You found it on level 12 of the Dungeon)
 16222 | D:13     | Got a bloodstained long sword
 16223 | D:13     | Identified the cursed +1 long sword "Udiewkek" {freeze, rElec MR+ Dex-4} (You found it on level 13 of the Dungeon)
 16231 | D:13     | Found a gate to the Vaults.
 16308 | D:13     | Reached ****** piety under Makhleb
 16503 | D:13     | Reached skill level 15 in Axes
 16764 | Lair:4   | Reached XP level 14. HP: 127/127 MP: 16/20
 16802 | Lair:4   | Got a shimmering turquoise ring
 16952 | Lair:4   | Found a staircase to the Snake Pit.
 17648 | Lair:5   | Found a runed gate.
 17653 | Lair:5   | Found a runed gate.
 17656 | Lair:5   | Found a runed gate.
 17679 | Lair:5   | Noticed biddum's ghost (journeyman GrFi)
 17716 | Lair:5   | Identified the ring of the Lost Wonders {*Tele +Fly rC- rN+ Int+6} (You found it on level 4 of the Lair of Beasts)
 18088 | Lair:6   | Entered Level 6 of the Lair of Beasts
 18105 | Lair:6   | Found a viscous altar of Jiyva.
 18106 | Lair:6   | Found a staircase to the Slime Pits.
 18122 | Lair:6   | Reached skill level 10 in Invocations
 18522 | Lair:6   | Found a runed gate.
 18522 | Lair:6   | Found a runed gate.
 18522 | Lair:6   | Found a runed gate.
 18539 | Lair:6   | Noticed Kuinu's ghost (journeyman DrBe)
 19089 | Lair:5   | Killed biddum's ghost
 19099 | Lair:5   | Got a vibrating bone ring
 19101 | Lair:5   | Identified the ring "Uvint" {rPois Slay+3} (You found it on level 5 of the Lair of Beasts)
 19541 | Lair:6   | HP: 2/130 [Kuinu's ghost (18)]
 19541 | Lair:6   | Slain by Kuinu's ghost

Vault maps used:
D:1:      dpeg_arrival_short_road, serial_forest, infiniplex_forest_lined_2,
          infiniplex_forest_straight_2, infiniplex_forest_straight_5,
          infiniplex_forest_clump_long, infiniplex_forest_end_3,
          infiniplex_forest_clump_diagonal, infiniplex_forest_clump_double,
          minmay_tetromino_s2
D:2:      first_ration, uniq_robin, uniq_terence
D:3:      fedhas_altar_fruit_tree, chequers_temple_overflow_statue_of_worship,
          kennysheep_boxes, uniq_crazy_yiuf_cottage, uniq_sigmund
D:4:      minmay_temple_entry_statues_pillars
D:5:      gammafunk_ghost_nasty_kobolds, abandoned_shop, minmay_misc_feat_rows
D:6:      grunt_temple_overflow_opulence, serial_shops, shop,
          grunt_decor_fettered, kennysheep_slug_shrine
D:7:      serial_glass, glass_columns_b, glass_columns_b, grunt_livestock,
          minmay_misc_feat_ornament, minmay_misc_feat_x
D:8:      makhleb_blood_cavern_becter, minmay_tree_intersection,
          mrwooster_statue_mirror
D:10:     serial_shops, shop, minmay_misc_feat_chi, uniq_josephine
D:11:     david_lair_generic, ebering_ghost_reflecting_pool, serial_shops, shop,
          hangedman_decor_growths, hangedman_decor_lopped, uniq_psyche
D:13:     lightli_vaults_fourway_checkpoint
Temple:   regret_index_temple_sphere_string
Lair:1:   cheibrodos_lair_caveside_slide
Lair:2:   minmay_shoals_entry_centaurs, infiniplex_staircase_pool,
          minmay_lair_oklob_chamber
Lair:3:   pond_and_an_island_with_a_cottage, kennysheep_rathole,
          serial_bayou_shore_a
Lair:4:   minmay_snake_entry_guardpost_medium, serial_bayou_crossing,
          lemuel_fruit_tree
Lair:5:   gammafunk_ghost_necromancy
Lair:6:   minmay_lair_end_frog_pond, slime_altar_1, gammafunk_ghost_split,
          minmay_stone_trees_small
Orc:2:    grunt_orc_community_town_hall, grunt_orc_community_big_house_2,
          grunt_orc_community_big_house_2, grunt_orc_community_house_1,
          grunt_orc_community_house_3, grunt_orc_community_house_2,
          grunt_orc_community_house_2, serial_shops, shop

Skill      XL: |  1  2  3  4  5  6  7  8  9 10 11 12 13 14 |
---------------+-------------------------------------------+-----
Shields        | 4 5 6 8 9 10 12 13 14 | 14.0
Fighting       | 4 5 6 7 8 10 11 12 13 | 13.7
Axes           | 3 4 5 6 8 10 11 12 13 14 15 | 15.8
Armour         | 4 5 6 7 9 10 11 13 14 | 14.0
Dodging        | 1 2 |  2.9
Stealth        | 1 |  1.1
Invocations    | 2 4 6 8 9 10 | 10.6

Action                   |  1- 3 |  4- 6 |  7- 9 | 10-12 | 13-15 || total
-------------------------+-------+-------+-------+-------+-------++-------
Melee: War axe           |    58 |   147 |   282 |   732 |   839 ||  2058
       Headbutt          |     6 |    20 |    48 |   181 |   236 ||   491
       Falchion          |       |       |       |       |     7 ||     7
       Scimitar          |       |       |       |       |    39 ||    39
  Use: Scroll            |       |       |       |    21 |     7 ||    28
  Eat: Chunk             |     1 |     5 |    12 |    21 |    18 ||    57
       Ration            |       |       |       |     1 |       ||     1
Armor: Scale mail        |    34 |    51 |   108 |     4 |       ||   197
       Plate armour      |       |       |       |   344 |   378 ||   722
       Acid dragon scale |       |       |       |       |     9 ||     9
Dodge: Dodged            |    32 |    38 |    80 |   124 |   235 ||   509
Block: Shield            |    42 |    66 |   158 |   390 |   516 ||  1172
       Rpst.: Scimitar   |       |       |       |       |     3 ||     3

Table legend:
 A = Spawn XP
 B = Non-spawn XP
 C = Spawn XP percentage of total XP
 D = Spawn monster count
 E = Non-spawn monster count
 F = Spawn count percentage of total count
 G = Total turns spent on level
                    A         B        C        D         E        F      G
               +---------+---------+-------+---------+---------+-------+---------
         Total |       0 |   97392 |   0.0 |       0 |     679 |   0.0 | 19541
               +---------+---------+-------+---------+---------+-------+---------
           D:1 |       0 |      33 |   0.0 |       0 |      16 |   0.0 |   644
           D:2 |       0 |     150 |   0.0 |       0 |      33 |   0.0 |  1285
           D:3 |       0 |     486 |   0.0 |       0 |      26 |   0.0 |   822
           D:4 |       0 |     569 |   0.0 |       0 |      28 |   0.0 |   678
           D:5 |       0 |    1181 |   0.0 |       0 |      37 |   0.0 |   663
           D:6 |       0 |     451 |   0.0 |       0 |      14 |   0.0 |   936
           D:7 |       0 |    1679 |   0.0 |       0 |      27 |   0.0 |   940
           D:8 |       0 |    1802 |   0.0 |       0 |      19 |   0.0 |   915
           D:9 |       0 |    1815 |   0.0 |       0 |      13 |   0.0 |   876
          D:10 |       0 |    3818 |   0.0 |       0 |      20 |   0.0 |   938
          D:11 |       0 |    2467 |   0.0 |       0 |      15 |   0.0 |   293
          D:12 |       0 |    7978 |   0.0 |       0 |      48 |   0.0 |   617
          D:13 |       0 |    8201 |   0.0 |       0 |      34 |   0.0 |   633
        Lair:1 |       0 |    4645 |   0.0 |       0 |      25 |   0.0 |  1094
        Lair:2 |       0 |    5190 |   0.0 |       0 |      19 |   0.0 |  1355
        Lair:3 |       0 |    5605 |   0.0 |       0 |      36 |   0.0 |  1155
        Lair:4 |       0 |    6723 |   0.0 |       0 |      25 |   0.0 |   661
        Lair:5 |       0 |    8427 |   0.0 |       0 |      33 |   0.0 |  1378
        Lair:6 |       0 |   21482 |   0.0 |       0 |      76 |   0.0 |   990
         Orc:1 |       0 |    3039 |   0.0 |       0 |      38 |   0.0 |   966
         Orc:2 |       0 |   11651 |   0.0 |       0 |      97 |   0.0 |  1538
               +---------+---------+-------+---------+---------+-------+---------
